 Dungeon Crawl Stone Soup version 0.21-a0-356-g45b0a09 (webtiles) character file.

10311 tidbits the Infuser (level 11, 0/86 HPs)
             Began as a Gnoll Skald on Oct 12, 2017.
             Was an Elder of Makhleb.
             Slain by a sixfirhy (11 damage)
             ... summoned by an orc high priest
             ... on level 1 of the Orcish Mines.
             The game lasted 00:39:05 (4236 turns).

tidbits the Infuser (Gnoll Skald)                   Turns: 4236, Time: 00:39:05

Health: 0/86       AC: 13    Str: 19    XL:     11   Next: 60%
Magic:  9/14       EV: 16    Int: 19    God:    Makhleb [****..]
Gold:   195        SH:  6    Dex: 14    Spells: 15/26 levels left

rFire    + + +     SeeInvis .   a - +1 whip (elec)
rCold    + . .     Gourm    .   D - +1 buckler {rPois}
rNeg     + . .     Faith    .   B - +2 leather armour {rC+}
rPois    +         Spirit   .   M - +0 helmet of Ubus {rPois rN+ Stlth-}
rElec    .         Reflect  .   C - +0 cloak
rCorr    .         Harm     .   G - +0 pair of gloves
MR       ++...                  F - +2 pair of boots
Stlth    ++........             (no amulet)
HPRegen  0.24/turn              W - ring of wizardry
MPRegen  0.14/turn              S - ring of the Falcon {*Contam rF+++ MR++ MP-9 Str+5}

@: about to teleport, singing
A: distributed training, fangs 1, strong nose
a: Minor Destruction, Lesser Servant of Makhleb, Major Destruction, Renounce
Religion


You were on level 1 of the Orcish Mines.
You worshipped Makhleb.
Makhleb was greatly pleased with you.
You were not hungry.

You visited 3 branches of the dungeon, and saw 13 of its levels.

You collected 759 gold pieces.
You spent 564 gold pieces at shops.

Inventory:

Hand Weapons
 a - a +1 whip of electrocution (weapon)
   (You took it off a kobold on level 2 of the Dungeon)
 b - a +0 hand axe
 k - a +4 quarterstaff of chaos
   (You took it off Crazy Yiuf on level 7 of the Dungeon)
 u - a +1 short sword of holy wrath
   (You took it off a kobold on level 3 of the Dungeon)
 E - a +0 hunting sling
 R - a +0 broad axe
 U - a cursed +3 battleaxe
 V - a +0 dagger of venom
   (You took it off a goblin on level 4 of the Dungeon)
Missiles
 h - 164 arrows
 n - 152 stones
 s - 51 sling bullets
 y - 38 bolts
 L - a javelin (quivered)
 O - 15 tomahawks
 X - 2 throwing nets {!f}
Armour
 v - a +0 scale mail
 B - a +2 leather armour of cold resistance (worn)
   (You found it on level 8 of the Dungeon)
 C - a +0 cloak (worn)
 D - a +1 buckler of poison resistance (worn)
   (You bought it in a shop on level 9 of the Dungeon)
 F - a +2 pair of boots (worn)
 G - a +0 pair of gloves (worn)
 M - the +0 helmet of Ubus (worn) {rPois rN+ Stlth-}
   (You found it on level 4 of the Dungeon)

   It protects you from poison.
   It protects you from negative energy.
   It makes you less stealthy.
Magical Staves
 z - an uncursed staff of power {!a}
   (You found it on level 5 of the Dungeon)
Jewellery
 K - an uncursed ring of resist corrosion
   (You found it on level 8 of the Dungeon)
 S - the ring of the Falcon (right hand) {*Contam rF+++ MR++ MP-9 Str+5}
   (You found it on level 8 of the Dungeon)

   [ring of strength]

   It affects your strength (+5).
   It renders you almost immune to fire.
   It affects your resistance to hostile enchantments.
   It affects your magic capacity (-9).
   It causes magical contamination when unequipped.
 W - a ring of wizardry (left hand)
   (You found it on level 9 of the Dungeon)
Wands
 p - a wand of paralysis (10/24)
 t - a wand of random effects (16/48)
 J - a wand of flame (22/48)
Scrolls
 e - a scroll of holy word {unknown}
 f - 4 scrolls of teleportation
 i - 3 scrolls of blinking {unknown}
 j - 3 scrolls of enchant armour
 q - a scroll of magic mapping {unknown}
 r - 5 scrolls of remove curse
 w - 5 scrolls of recharging
 A - a scroll of fear {unknown}
 P - 2 scrolls of enchant weapon
 Q - 2 scrolls of amnesia {unknown}
 Y - 2 scrolls of random uselessness
Potions
 l - 2 potions of brilliance
 x - a potion of might
 H - a potion of magic
 I - a potion of cancellation
 N - 2 potions of flight {unknown}
 T - 4 potions of curing
 Z - a potion of resistance {unknown}
Books
 c - a book of Battle

   Spells                             Type                      Level
   a - Infusion                       Charms                       1
   b - Shroud of Golubria             Charms/Translocation         2
   c - Song of Slaying                Charms                       2
   d - Spectral Weapon                Hexes/Charms                 3
   e - Regeneration                   Charms/Necromancy            3
Comestibles
 d - 7 bread rations
 g - 10 royal jellies
 o - 6 meat rations


   Skills:
 + Level 7.9 Fighting
 + Level 6.3 Short Blades
 + Level 6.3 Long Blades
 + Level 7.9 Axes
 + Level 6.3 Maces & Flails
 + Level 6.3 Polearms
 + Level 6.3 Staves
 + Level 6.3 Slings
 + Level 6.3 Bows
 + Level 6.3 Crossbows
 + Level 6.3 Throwing
 + Level 6.9 Armour
 + Level 7.9 Dodging
 + Level 6.3 Stealth
 + Level 6.3 Shields
 + Level 6.3 Unarmed Combat
 + Level 8.1 Spellcasting
 + Level 6.3 Conjurations
 + Level 6.3 Hexes
 + Level 9.2 Charms
 + Level 6.3 Summonings
 + Level 6.3 Necromancy
 + Level 6.3 Translocations
 + Level 6.3 Transmutations
 + Level 6.3 Fire Magic
 + Level 6.3 Ice Magic
 + Level 6.3 Air Magic
 + Level 6.3 Earth Magic
 + Level 6.3 Poison Magic
 + Level 6.3 Invocations
 + Level 6.3 Evocations


You had 15 spell levels left.
You knew the following spells:

 Your Spells              Type           Power        Failure   Level  Hunger
g - Shroud of Golubria    Chrm/Tloc      #####.....   1%          2    None
i - Infusion              Chrm           ####         1%          1    None
r - Regeneration          Chrm/Necr      #####.....   1%          3    None
w - Spectral Weapon       Hex/Chrm       #####...     1%          3    None
y - Song of Slaying       Chrm           #####...     1%          2    None


Dungeon Overview and Level Annotations

Branches:
Dungeon (11/15)            Temple (1/1) D:5            Lair (0/6) D:10
    Orc (1/2) D:10

Altars:
Ashenzari
Cheibriados
Dithmenos
Elyvilon
Fedhas
Gozag
Hepliaklqana
Kikubaaqudgha
Makhleb
Nemelex Xobeh
Okawaru
Qazlal
Ru
Sif Muna
Trog
Uskayaw
Vehumet
Wu Jian
Yredelemnul
Zin

Shops:
D:9 }([[


Innate Abilities, Weirdness & Mutations

Your experience applies equally to all skills.
You have very sharp teeth.
Your uncanny sense of smell can sniff out nearby items.


Message History

An orc priest comes into view.
It is wielding a war axe of electrocution.
You feel much better. The warg bites you.
* * * LOW HITPOINT WARNING * * *
The orc high priest barely misses your hellwing.
The orc warrior hits you from afar with a trident.
* * * LOW HITPOINT WARNING * * *
Your hellwing hits the orc warrior. x2; You block the orc warrior's attack.
Evoke which item? (* to show all) (? for menu, Esc to quit)
Aiming: Paralyse
Press: ? - help, Shift-Dir - straight line, f - warg
Aim: a warg (chance to defeat MR: 48%)
The warg resists with some effort.
This wand has 11 charges left.
The warg barely misses you.
The orc high priest prays to Beogh.
The orc warrior barely misses you.
Your hellwing hits the orc warrior.
Your hellwing closely misses the orc warrior.
Evoke which item? (* to show all) (? for menu, Esc to quit)
Okay, then.
Evoke which item? (* to show all) (? for menu, Esc to quit)
Okay, then.
Evoke which item? (* to show all) (? for menu, Esc to quit)
Okay, then.
Okay, then.
As you read the scroll labeled WAMYUGABBI, it crumbles to dust.
Your +1 whip of electrocution glows dull bronze for a moment.
It was a scroll of random uselessness.
You block the warg's attack.
The orc warrior hits your hellwing with a flail.
The orc high priest hits your hellwing but does no damage.
You block the orc warrior's attack.
Your hellwing closely misses the orc warrior.
Your hellwing barely misses the orc warrior.
The warg bites you but does no damage.
The ice devil hits you but does no damage.
An orc warrior comes into view. It is wielding a war axe.
Okay, then.
Evoke which item? (* to show all) (? for menu, Esc to quit)
Okay, then.
You swap places.
The sixfirhy misses your spectral weapon.
The sixfirhy closely misses your spectral weapon. x2
The orc warrior barely misses your spectral weapon.
The orc high priest hits you but does no damage.
The warg bites you.
* * * LOW HITPOINT WARNING * * *
Your hellwing hits the orc warrior.
Your hellwing hits the orc warrior but does no damage.
The orc warrior misses you. The sixfirhy hits your spectral weapon.
Your spectral weapon shares its damage with you!
The sixfirhy shocks your spectral weapon.
Your spectral weapon resists.
Your spectral weapon shares its damage with you!
* * * LOW HITPOINT WARNING * * *
The ice devil hits you.
* * * LOW HITPOINT WARNING * * *
The ice devil freezes you. You resist.
* * * LOW HITPOINT WARNING * * *
The sixfirhy misses your spectral weapon.
The warg bites your spectral weapon but does no damage.
The orc warrior hits your spectral weapon with a flail!!
Your spectral weapon shares its damage with you!
Your spectral weapon fades away.
* * * LOW HITPOINT WARNING * * *
Your hellwing hits the orc warrior.
Your hellwing hits the orc warrior but does no damage.
The orc priest calls upon Beogh to heal the orc warrior.
The orc warrior is healed somewhat.
A troll comes into view.
You feel much better. The warg barely misses your hellwing.
The orc high priest misses you.
Evoke which item? (* to show all) (? for menu, Esc to quit)
Aiming: Paralyse
Press: ? - help, Shift-Dir - straight line, f - orc high priest, p - warg
Aim: an orc high priest, wielding a short sword (chance to defeat MR: 30%)
The orc high priest easily resists.
This wand has 10 charges left.
You hear a shout!
The ice devil barely misses you. The orc misses your hellwing.
The orc warrior closely misses your hellwing.
The orc warrior hits you with a hand axe!
* * * LOW HITPOINT WARNING * * *
Your hellwing barely misses the orc warrior.
Your hellwing hits the orc warrior but does no damage.
The orc priest closely misses your hellwing.
An orc comes into view. It is wielding a flail.
As you read the scroll of teleportation, it crumbles to dust.
You feel strangely unstable. You block the sixfirhy's attack.
The sixfirhy closely misses you. The sixfirhy completely misses you.
The ice devil hits you.
* * * LOW HITPOINT WARNING * * *
The ice devil freezes you! You resist.
* * * LOW HITPOINT WARNING * * *
The orc high priest hits you with a short sword.
* * * LOW HITPOINT WARNING * * *
The orc warrior hits your hellwing but does no damage.
The orc warrior closely misses you.
Your hellwing barely misses the orc warrior.
Your hellwing hits the orc warrior but does no damage.
You block the orc warrior's attack. x2; The sixfirhy hits you.
* * * LOW HITPOINT WARNING * * *
The sixfirhy shocks you!
You die...

.......o...
......o... ######
....#.#..$
###.##.###..#...#..
##.......##o.......$
##....##..#T.........
#.....##..oo...$....#
#......h#44........#
##.#....@ooo.........
###...3oo.....>...$.
#.........#........
##.................
#............>.....
#......#...........
##......##..........
#........#......
##.#..#...#.#


You could see an orc high priest, an ice devil, a troll, a sixfirhy, a warg, 4
orc warriors, an orc priest, 2 orcs and a friendly hellwing.

Vanquished Creatures
  3 two-headed ogres
  Pikel (D:7)
  An orc sorcerer (Orc:1)
  Joseph (D:7)
  A troll (D:9)
  A queen bee (D:8)
  2 hippogriffs (D:10)
  A wyvern (D:9)
  2 hungry ghosts
  A basilisk (D:10)
  A steam dragon (D:8)
  10 yaks (D:10)
  Menkaure (D:7)
  2 water moccasins
  2 orc warriors
  A porcupine (D:10)
  3 black bears
  4 ogres
  2 necrophages
  4 centaurs
  2 crocodiles (D:10)
  8 bullfrogs
  3 scorpions
  3 wights (D:9)
  14 killer bees (D:8)
  2 quasits
  2 orc priests
  2 bullfrog skeletons
  A centaur skeleton (D:6)
  3 hounds
  A jelly (D:6)
  9 orc wizards
  Crazy Yiuf (D:7)
  Jessica (D:3)
  2 iguanas (D:10)
  Natasha (twice) (D:3)
  8 worker ants
  A hound zombie (D:10)
  A hound skeleton (D:4)
  A worker ant zombie (D:9)
  Robin (D:4)
  9 adders
  A shadow imp (D:8)
  An ooze (D:6)
  An adder skeleton (D:4)
  3 worms
  A leopard gecko (D:5)
  25 orcs
  3 bats
  2 giant cockroaches
  15 goblins
  11 hobgoblins
  7 jackals
  3 frilled lizards
  9 kobolds
  10 rats
213 creatures vanquished.

Vanquished Creatures (others)
  A water moccasin skeleton (D:7)
  An orc wizard (D:8)
  A plant (D:10)
  5 spectral weapons
8 creatures vanquished.

Grand Total: 221 creatures vanquished

Notes
Turn   | Place    | Note
-------+----------+-------------------------------------------
     0 | D:1      | tidbits the Gnoll Skald began the quest for the Orb.
     0 | D:1      | Reached XP level 1. HP: 20/20 MP: 6/6
   252 | D:2      | Reached XP level 2. HP: 20/26 MP: 3/7
   268 | D:2      | Learned a level 2 spell: Song of Slaying
   271 | D:2      | Learned a level 2 spell: Shroud of Golubria
   296 | D:2      | Reached XP level 3. HP: 25/31 MP: 2/9
   301 | D:2      | Learned a level 3 spell: Regeneration
   305 | D:2      | Learned a level 3 spell: Spectral Weapon
   315 | D:2      | Reached skill level 5 in Spellcasting
   453 | D:2      | Reached skill level 1 in Short Blades
   453 | D:2      | Reached skill level 1 in Long Blades
   453 | D:2      | Reached skill level 1 in Maces & Flails
   453 | D:2      | Reached skill level 1 in Polearms
   453 | D:2      | Reached skill level 1 in Staves
   453 | D:2      | Reached skill level 1 in Slings
   453 | D:2      | Reached skill level 1 in Bows
   453 | D:2      | Reached skill level 1 in Crossbows
   453 | D:2      | Reached skill level 1 in Throwing
   453 | D:2      | Reached skill level 1 in Stealth
   453 | D:2      | Reached skill level 1 in Shields
   453 | D:2      | Reached skill level 1 in Unarmed Combat
   453 | D:2      | Reached skill level 1 in Conjurations
   453 | D:2      | Reached skill level 1 in Hexes
   453 | D:2      | Reached skill level 1 in Summonings
   453 | D:2      | Reached skill level 1 in Necromancy
   453 | D:2      | Reached skill level 1 in Translocations
   453 | D:2      | Reached skill level 1 in Transmutations
   453 | D:2      | Reached skill level 1 in Fire Magic
   453 | D:2      | Reached skill level 1 in Ice Magic
   453 | D:2      | Reached skill level 1 in Air Magic
   453 | D:2      | Reached skill level 1 in Earth Magic
   453 | D:2      | Reached skill level 1 in Poison Magic
   453 | D:2      | Reached skill level 1 in Invocations
   453 | D:2      | Reached skill level 1 in Evocations
   453 | D:2      | Reached XP level 4. HP: 30/38 MP: 1/11
   724 | D:3      | Reached XP level 5. HP: 43/43 MP: 2/12
   769 | D:3      | Noticed Jessica
   773 | D:3      | Killed Jessica
   819 | D:5      | Entered Level 5 of the Dungeon
   891 | D:5      | Found a staircase to the Ecumenical Temple.
   897 | Temple   | Entered the Ecumenical Temple
   931 | Temple   | Became a worshipper of Makhleb the Destroyer
   977 | D:5      | Found a shadowy altar of Dithmenos.
   978 | D:5      | Found a bloodstained altar of Trog.
  1015 | D:4      | Reached skill level 3 in Armour
  1124 | D:4      | Noticed Robin
  1144 | D:4      | Killed Robin
  1150 | D:4      | Reached XP level 6. HP: 26/50 MP: 6/13
  1260 | D:4      | Reached * piety under Makhleb
  1388 | D:4      | Reached skill level 5 in Fighting
  1388 | D:4      | Reached skill level 5 in Axes
  1388 | D:4      | Reached skill level 5 in Dodging
  1390 | D:4      | Reached skill level 2 in Short Blades
  1390 | D:4      | Reached skill level 2 in Long Blades
  1390 | D:4      | Reached skill level 2 in Maces & Flails
  1390 | D:4      | Reached skill level 2 in Polearms
  1390 | D:4      | Reached skill level 2 in Staves
  1390 | D:4      | Reached skill level 2 in Slings
  1390 | D:4      | Reached skill level 2 in Bows
  1390 | D:4      | Reached skill level 2 in Crossbows
  1390 | D:4      | Reached skill level 2 in Throwing
  1390 | D:4      | Reached skill level 2 in Stealth
  1390 | D:4      | Reached skill level 2 in Shields
  1390 | D:4      | Reached skill level 2 in Unarmed Combat
  1390 | D:4      | Reached skill level 2 in Conjurations
  1390 | D:4      | Reached skill level 2 in Hexes
  1390 | D:4      | Reached skill level 2 in Summonings
  1390 | D:4      | Reached skill level 2 in Necromancy
  1390 | D:4      | Reached skill level 2 in Translocations
  1390 | D:4      | Reached skill level 2 in Transmutations
  1390 | D:4      | Reached skill level 2 in Fire Magic
  1390 | D:4      | Reached skill level 2 in Ice Magic
  1390 | D:4      | Reached skill level 2 in Air Magic
  1390 | D:4      | Reached skill level 2 in Earth Magic
  1390 | D:4      | Reached skill level 2 in Poison Magic
  1390 | D:4      | Reached skill level 2 in Invocations
  1390 | D:4      | Reached skill level 2 in Evocations
  1404 | D:4      | Found an opulent altar of Gozag.
  1453 | D:4      | Got a pitted helmet
  1464 | D:4      | Identified the +0 helmet of Ubus {rPois rN+ Stlth-} (You found it on level 4 of the Dungeon)
  1513 | D:3      | Noticed Natasha
  1517 | D:3      | Killed Natasha
  1517 | D:3      | Reached XP level 7. HP: 56/56 MP: 11/15
  1546 | D:3      | Found a bloodstained altar of Trog.
  1590 | D:3      | Noticed Natasha
  1594 | D:3      | Killed Natasha
  1720 | D:6      | Found a shattered altar of Ashenzari.
  1755 | D:6      | Reached skill level 7 in Charms
  1930 | D:7      | Noticed a hungry ghost
  1931 | D:7      | Noticed Joseph
  1995 | D:7      | Noticed Menkaure
  2001 | D:7      | Killed Menkaure
  2001 | D:7      | Reached ** piety under Makhleb
  2001 | D:7      | Reached XP level 8. HP: 47/63 MP: 9/16
  2044 | D:7      | Found a runed door.
  2051 | D:7      | Noticed Crazy Yiuf
  2055 | D:7      | Killed Crazy Yiuf
  2091 | D:7      | Noticed Pikel
  2107 | D:7      | Killed Pikel
  2107 | D:7      | Reached skill level 3 in Short Blades
  2107 | D:7      | Reached skill level 3 in Long Blades
  2107 | D:7      | Reached skill level 3 in Maces & Flails
  2107 | D:7      | Reached skill level 3 in Polearms
  2107 | D:7      | Reached skill level 3 in Staves
  2107 | D:7      | Reached skill level 3 in Slings
  2107 | D:7      | Reached skill level 3 in Bows
  2107 | D:7      | Reached skill level 3 in Crossbows
  2107 | D:7      | Reached skill level 3 in Throwing
  2107 | D:7      | Reached skill level 4 in Armour
  2107 | D:7      | Reached skill level 3 in Stealth
  2107 | D:7      | Reached skill level 3 in Shields
  2107 | D:7      | Reached skill level 3 in Unarmed Combat
  2107 | D:7      | Reached skill level 6 in Spellcasting
  2107 | D:7      | Reached skill level 3 in Conjurations
  2107 | D:7      | Reached skill level 3 in Hexes
  2107 | D:7      | Reached skill level 3 in Summonings
  2107 | D:7      | Reached skill level 3 in Necromancy
  2107 | D:7      | Reached skill level 3 in Translocations
  2107 | D:7      | Reached skill level 3 in Transmutations
  2107 | D:7      | Reached skill level 3 in Fire Magic
  2107 | D:7      | Reached skill level 3 in Ice Magic
  2107 | D:7      | Reached skill level 3 in Air Magic
  2107 | D:7      | Reached skill level 3 in Earth Magic
  2107 | D:7      | Reached skill level 3 in Poison Magic
  2107 | D:7      | Reached skill level 3 in Invocations
  2107 | D:7      | Reached skill level 3 in Evocations
  2194 | D:7      | Killed Joseph
  2194 | D:7      | Reached skill level 6 in Fighting
  2194 | D:7      | Reached skill level 6 in Axes
  2194 | D:7      | Reached skill level 6 in Dodging
  2194 | D:7      | Reached XP level 9. HP: 30/69 MP: 5/18
  2488 | D:8      | Reached skill level 4 in Short Blades
  2488 | D:8      | Reached skill level 4 in Long Blades
  2488 | D:8      | Reached skill level 4 in Maces & Flails
  2488 | D:8      | Reached skill level 4 in Polearms
  2488 | D:8      | Reached skill level 4 in Staves
  2488 | D:8      | Reached skill level 4 in Slings
  2488 | D:8      | Reached skill level 4 in Bows
  2488 | D:8      | Reached skill level 4 in Crossbows
  2488 | D:8      | Reached skill level 4 in Throwing
  2488 | D:8      | Reached skill level 4 in Stealth
  2488 | D:8      | Reached skill level 4 in Shields
  2488 | D:8      | Reached skill level 4 in Unarmed Combat
  2488 | D:8      | Reached skill level 4 in Conjurations
  2488 | D:8      | Reached skill level 4 in Hexes
  2488 | D:8      | Reached skill level 4 in Summonings
  2488 | D:8      | Reached skill level 4 in Necromancy
  2488 | D:8      | Reached skill level 4 in Translocations
  2488 | D:8      | Reached skill level 4 in Transmutations
  2488 | D:8      | Reached skill level 4 in Fire Magic
  2488 | D:8      | Reached skill level 4 in Ice Magic
  2488 | D:8      | Reached skill level 4 in Air Magic
  2488 | D:8      | Reached skill level 4 in Earth Magic
  2488 | D:8      | Reached skill level 4 in Poison Magic
  2488 | D:8      | Reached skill level 4 in Invocations
  2488 | D:8      | Reached skill level 4 in Evocations
  2662 | D:8      | Reached skill level 5 in Armour
  2726 | D:8      | Reached skill level 8 in Charms
  2824 | D:8      | Noticed a queen bee
  2852 | D:8      | Killed a queen bee
  2852 | D:8      | Reached skill level 7 in Spellcasting
  2852 | D:8      | Reached XP level 10. HP: 31/77 MP: 17/20
  2860 | D:8      | Reached *** piety under Makhleb
  2966 | D:8      | Got a fine granite ring
  2979 | D:8      | Identified the ring of the Falcon {*Contam rF+++ MR++ MP-9 Str+5} (You found it on level 8 of the Dungeon)
  3051 | D:9      | Reached skill level 5 in Short Blades
  3051 | D:9      | Reached skill level 5 in Long Blades
  3051 | D:9      | Reached skill level 5 in Maces & Flails
  3051 | D:9      | Reached skill level 5 in Polearms
  3051 | D:9      | Reached skill level 5 in Staves
  3051 | D:9      | Reached skill level 5 in Slings
  3051 | D:9      | Reached skill level 5 in Bows
  3051 | D:9      | Reached skill level 5 in Crossbows
  3051 | D:9      | Reached skill level 5 in Throwing
  3051 | D:9      | Reached skill level 5 in Stealth
  3051 | D:9      | Reached skill level 5 in Shields
  3051 | D:9      | Reached skill level 5 in Unarmed Combat
  3051 | D:9      | Reached skill level 5 in Conjurations
  3051 | D:9      | Reached skill level 5 in Hexes
  3051 | D:9      | Reached skill level 5 in Summonings
  3051 | D:9      | Reached skill level 5 in Necromancy
  3051 | D:9      | Reached skill level 5 in Translocations
  3051 | D:9      | Reached skill level 5 in Transmutations
  3051 | D:9      | Reached skill level 5 in Fire Magic
  3051 | D:9      | Reached skill level 5 in Ice Magic
  3051 | D:9      | Reached skill level 5 in Air Magic
  3051 | D:9      | Reached skill level 5 in Earth Magic
  3051 | D:9      | Reached skill level 5 in Poison Magic
  3051 | D:9      | Reached skill level 5 in Invocations
  3051 | D:9      | Reached skill level 5 in Evocations
  3054 | D:9      | Found Ichops's Antique Armour Shop.
  3077 | D:9      | Bought a pair of gloves for 144 gold pieces
  3144 | D:9      | Found a blossoming altar of Fedhas.
  3194 | D:9      | Found Kumav's Antique Armour Shop.
  3197 | D:9      | Bought a runed buckler for 225 gold pieces
  3202 | D:9      | Noticed a two-headed ogre
  3212 | D:9      | Killed a two-headed ogre
  3212 | D:9      | Reached skill level 7 in Fighting
  3212 | D:9      | Reached skill level 7 in Axes
  3212 | D:9      | Reached skill level 7 in Dodging
  3228 | D:10     | Entered Level 10 of the Dungeon
  3250 | D:9      | Reached skill level 6 in Armour
  3329 | D:9      | Found Serrypn's Gadget Boutique.
  3341 | D:9      | Bought a wand of paralysis (13/24) for 195 gold pieces
  3406 | D:9      | Found Niulishru's Antique Weapon Shoppe.
  3721 | D:10     | Noticed a two-headed ogre
  3730 | D:10     | Killed a two-headed ogre
  3730 | D:10     | Reached XP level 11. HP: 68/84 MP: 9/22
  3747 | D:10     | Noticed a two-headed ogre
  3749 | D:10     | Found a staircase to the Lair.
  3758 | D:10     | Killed a two-headed ogre
  3783 | D:10     | Reached skill level 9 in Charms
  3785 | D:10     | Reached skill level 6 in Short Blades
  3785 | D:10     | Reached skill level 6 in Long Blades
  3785 | D:10     | Reached skill level 6 in Maces & Flails
  3785 | D:10     | Reached skill level 6 in Polearms
  3785 | D:10     | Reached skill level 6 in Staves
  3785 | D:10     | Reached skill level 6 in Slings
  3785 | D:10     | Reached skill level 6 in Bows
  3785 | D:10     | Reached skill level 6 in Crossbows
  3785 | D:10     | Reached skill level 6 in Throwing
  3785 | D:10     | Reached skill level 6 in Stealth
  3785 | D:10     | Reached skill level 6 in Shields
  3785 | D:10     | Reached skill level 6 in Unarmed Combat
  3785 | D:10     | Reached skill level 6 in Conjurations
  3785 | D:10     | Reached skill level 6 in Hexes
  3785 | D:10     | Reached skill level 6 in Summonings
  3785 | D:10     | Reached skill level 6 in Necromancy
  3785 | D:10     | Reached skill level 6 in Translocations
  3785 | D:10     | Reached skill level 6 in Transmutations
  3785 | D:10     | Reached skill level 6 in Fire Magic
  3785 | D:10     | Reached skill level 6 in Ice Magic
  3785 | D:10     | Reached skill level 6 in Air Magic
  3785 | D:10     | Reached skill level 6 in Earth Magic
  3785 | D:10     | Reached skill level 6 in Poison Magic
  3785 | D:10     | Reached skill level 6 in Invocations
  3785 | D:10     | Reached skill level 6 in Evocations
  3788 | D:10     | Reached **** piety under Makhleb
  3863 | D:10     | Found a staircase to the Orcish Mines.
  3907 | D:10     | Reached skill level 8 in Spellcasting
  4153 | Orc:1    | Entered Level 1 of the Orcish Mines
  4204 | Orc:1    | Noticed an orc sorcerer
  4215 | Orc:1    | Noticed an orc high priest
  4221 | Orc:1    | Killed an orc sorcerer
  4231 | Orc:1    | Noticed a sixfirhy
  4233 | Orc:1    | HP: 7/86 [orc warrior/flail[an orc high priest] (6)]
  4236 | Orc:1    | Slain by a sixfirhy

Vault maps used:
D:1:      mrwooster_arrival_statue_2, minmay_misc_feat_five
D:2:      kennysheep_cross_bottleneck, grunt_ministairs_4
D:3:      trog_hazing_becter, uniq_jessica, uniq_natasha
D:4:      grunt_gozag_breadcrumbs, uniq_robin
D:5:      gammafunk_temple_overflow_pools, minmay_temple_entry_trees,
          first_bread
D:6:      cheibrodos_ashenzari_chains
D:7:      uniq_joseph, uniq_crazy_yiuf_cottage, uniq_pikel, uniq_menkaure
D:8:      minitemple, david_nohive_1, nemelex_dance_club_becter
D:9:      basic_altar, serial_shops, shop, shop_statue, shop_coins,
          kennysheep_mini_moat, corner_web_ring, kennysheep_generic_room_12
D:10:     minmay_lair_entry_grove
D:11:     minmay_bloctagon, serial_shops, shop_statue,
          minmay_guarded_unrand_resistance, uniq_fannar, uniq_nergalle,
          uniq_snorg
Temple:   compressed_dpeg_circular_temple

Skill      XL: |  1  2  3  4  5  6  7  8  9 10 11 |
---------------+----------------------------------+-----
Spellcasting   | 5 6 7 8 |  8.1
Short Blades   | 1 2 3 4 5 6 |  6.3
Long Blades    | 1 2 3 4 5 6 |  6.3
Maces & Flails | 1 2 3 4 5 6 |  6.3
Polearms       | 1 2 3 4 5 6 |  6.3
Staves         | 1 2 3 4 5 6 |  6.3
Slings         | 1 2 3 4 5 6 |  6.3
Bows           | 1 2 3 4 5 6 |  6.3
Crossbows      | 1 2 3 4 5 6 |  6.3
Throwing       | 1 2 3 4 5 6 |  6.3
Stealth        | 1 2 3 4 5 6 |  6.3
Shields        | 1 2 3 4 5 6 |  6.3
Unarmed Combat | 1 2 3 4 5 6 |  6.3
Conjurations   | 1 2 3 4 5 6 |  6.3
Hexes          | 1 2 3 4 5 6 |  6.3
Summonings     | 1 2 3 4 5 6 |  6.3
Necromancy     | 1 2 3 4 5 6 |  6.3
Translocations | 1 2 3 4 5 6 |  6.3
Transmutations | 1 2 3 4 5 6 |  6.3
Fire Magic     | 1 2 3 4 5 6 |  6.3
Ice Magic      | 1 2 3 4 5 6 |  6.3
Air Magic      | 1 2 3 4 5 6 |  6.3
Earth Magic    | 1 2 3 4 5 6 |  6.3
Poison Magic   | 1 2 3 4 5 6 |  6.3
Invocations    | 1 2 3 4 5 6 |  6.3
Evocations     | 1 2 3 4 5 6 |  6.3
Armour         | 3 4 5 6 |  6.9
Fighting       | 5 6 7 |  7.9
Axes           | 5 6 7 |  7.9
Dodging        | 5 6 7 |  7.9
Charms         | 7 8 9 |  9.2

Action                   |  1- 3 |  4- 6 |  7- 9 | 10-12 || total
-------------------------+-------+-------+-------+-------++-------
Melee: Whip              |    31 |   108 |   163 |   199 ||   501
       Hand axe          |     3 |       |       |       ||     3
       Bite              |     2 |     7 |    17 |    28 ||    54
       Punch             |       |     1 |     6 |     2 ||     9
       Dagger            |       |       |    87 |     7 ||    94
Throw: Javelin           |       |       |     1 |     1 ||     2
 Cast: Infusion          |     4 |       |       |     1 ||     5
       Shroud of Golubri |     1 |     1 |     2 |     3 ||     7
       Spectral Weapon   |     4 |    16 |    24 |    25 ||    69
       Song of Slaying   |       |     3 |     7 |     7 ||    17
       Regeneration      |       |     1 |    13 |     7 ||    21
Invok: Lesser Servant of |       |       |       |     2 ||     2
Evoke: Wand              |       |       |       |     4 ||     4
  Use: Scroll            |       |       |    12 |     4 ||    16
       Potion            |       |       |       |     2 ||     2
 Stab: Distracted        |       |       |       |     4 ||     4
       Sleeping          |       |       |       |     1 ||     1
  Eat: Chunk             |       |     4 |     6 |     6 ||    16
       Meat ration       |       |       |     1 |       ||     1
       Fruit             |       |       |     1 |       ||     1
Armor: Ring mail         |    15 |    41 |    88 |     9 ||   153
       Leather armour    |     1 |       |       |    35 ||    36
Dodge: Dodged            |    23 |    57 |   196 |   111 ||   387
Block: Buckler           |       |       |       |    58 ||    58

Table legend:
 A = Spawn XP
 B = Non-spawn XP
 C = Spawn XP percentage of total XP
 D = Spawn monster count
 E = Non-spawn monster count
 F = Spawn count percentage of total count
 G = Total turns spent on level
                    A         B        C        D         E        F      G
               +---------+---------+-------+---------+---------+-------+---------
         Total |       0 |   14730 |   0.0 |       0 |     214 |   0.0 |  4236
               +---------+---------+-------+---------+---------+-------+---------
           D:1 |       0 |       3 |   0.0 |       0 |       2 |   0.0 |   232
           D:2 |       0 |     142 |   0.0 |       0 |      28 |   0.0 |   336
           D:3 |       0 |     166 |   0.0 |       0 |      33 |   0.0 |   413
           D:4 |       0 |     362 |   0.0 |       0 |      27 |   0.0 |   451
           D:5 |       0 |      11 |   0.0 |       0 |       5 |   0.0 |   232
           D:6 |       0 |     172 |   0.0 |       0 |       5 |   0.0 |   277
           D:7 |       0 |    1947 |   0.0 |       0 |      17 |   0.0 |   458
           D:8 |       0 |    2470 |   0.0 |       0 |      33 |   0.0 |   557
           D:9 |       0 |    2771 |   0.0 |       0 |      22 |   0.0 |   669
          D:10 |       0 |    5918 |   0.0 |       0 |      36 |   0.0 |   469
         Orc:1 |       0 |     768 |   0.0 |       0 |       6 |   0.0 |    83
               +---------+---------+-------+---------+---------+-------+---------

Table legend:
 A = Turns spent in this place as a percentage of turns spent in the entire game.
 B = Non-inter-level travel turns spent in this place as a percentage of non-inter-level travel turns spent in the entire game.
 C = Inter-level travel turns spent in this place as a percentage of turns spent in this place.
 D = Turns resting spent in this place as a percentage of non-inter-level travel turns spent in this place.
 E = Turns spent auto-exploring this place as a percentage of non-inter-level travel turns spent in this place.
 F = Non-inter-level travel turns spent in this place divided by the number of levels of this place that you've seen.
                   A       B       C       D       E      F
               +-------+-------+-------+-------+-------+----------------------
         Total | 100.0 | 100.0 |   2.1 |   0.0 |   0.0 | 318.9
       Dungeon |  96.7 |  97.1 |   1.7 |   0.0 |   0.0 | 366.1
        Temple |   1.3 |   0.9 |  34.5 |   0.0 |   0.0 |  36.0
  Orcish Mines |   2.0 |   2.0 |   0.0 |   0.0 |   0.0 |  83.0
               +-------+-------+-------+-------+-------+----------------------

Table legend:
 A = Kills in this place as a percentage of kills in entire the game.
 B = Kills by you in this place as a percentage of kills by you in the entire game.
 C = Kills by friends in this place as a percentage of kills by friends in the entire game.
 D = Other kills in this place as a percentage of other kills in the entire game.
 E = Experience gained in this place as a percentage of experience gained in the entire game.
 F = Experience gained in this place divided by the number of levels of this place that you have seen.
                   A       B       C       D       E      F
               +-------+-------+-------+-------+-------+----------------------
         Total | 100.0 | 100.0 |   N/A | 100.0 | 100.0 | 1133.1
       Dungeon |  97.2 |  97.2 |   N/A | 100.0 |  94.8 | 1269.3
  Orcish Mines |   2.8 |   2.8 |   N/A |   0.0 |   5.2 | 768.0
               +-------+-------+-------+-------+-------+----------------------

Vault maps used:
D:1:      mrwooster_arrival_statue_2, minmay_misc_feat_five
D:2:      kennysheep_cross_bottleneck, grunt_ministairs_4
D:3:      trog_hazing_becter, uniq_jessica, uniq_natasha
D:4:      grunt_gozag_breadcrumbs, uniq_robin
D:5:      gammafunk_temple_overflow_pools, minmay_temple_entry_trees,
          first_bread
D:6:      cheibrodos_ashenzari_chains
D:7:      uniq_joseph, uniq_crazy_yiuf_cottage, uniq_pikel, uniq_menkaure
D:8:      minitemple, david_nohive_1, nemelex_dance_club_becter
D:9:      basic_altar, serial_shops, shop, shop_statue, shop_coins,
          kennysheep_mini_moat, corner_web_ring, kennysheep_generic_room_12
D:10:     minmay_lair_entry_grove
D:11:     minmay_bloctagon, serial_shops, shop_statue,
          minmay_guarded_unrand_resistance, uniq_fannar, uniq_nergalle,
          uniq_snorg
Temple:   compressed_dpeg_circular_temple
